 Dungeon Crawl Stone Soup version 0.24-a0-504-gcfb02b9d07 (webtiles) character file.

Game seed: 11298298642455811841

618 KristoblXynda the Cudgeler (level 7, -3/41 HPs)
             Began as a Gargoyle Fighter on July 16, 2019.
             Slain by an ogre
             ... wielding a +0 giant club
              (12 damage)
             ... on level 4 of the Dungeon.
             The game lasted 00:04:55 (3758 turns).

KristoblXynda the Cudgeler (Gargoyle Fighter)       Turns: 3758, Time: 00:04:56

Health: -3/41      AC: 12    Str: 25    XL:     7   Next: 45%
Magic:  7/7        EV:  8    Int: 10    God:
Gold:   125        SH: 10    Dex:  9    Spells: 6/6 levels left

rFire    . . .     SeeInvis .   e - +3 whip
rCold    . . .     Gourm    .   c - +0 shield
rNeg     + . .     Faith    .   m - +0 scale mail
rPois    ∞         Spirit   .   (no helmet)
rElec    +         Reflect  .   (no cloak)
rCorr    .         Harm     .   (no gloves)
MR       +....                  (no boots)
Stlth    ..........             (no amulet)
HPRegen  0.13/turn              j - ring of protection from magic
MPRegen  0.10/turn              (no ring)

@: mighty, flying
A: negative energy resistance 1, electricity resistance, unbreathing,
petrification resistance, rot immunity, AC +4
a: no special abilities


You were on level 4 of the Dungeon.
You were not hungry.

You visited 1 branch of the dungeon, and saw 4 of its levels.

You collected 125 gold pieces.

Inventory:

Hand Weapons
 e - a +3 whip (weapon)
Armour
 c - a +0 shield (worn)
 m - a +0 scale mail (worn)
Jewellery
 j - a ring of protection from magic (left hand)
Scrolls
 a - a scroll of teleportation
 p - a scroll of remove curse
Potions
 b - a potion of ambrosia {unknown}
 d - 2 potions of might
 g - a potion of haste
 h - a potion of degeneration {unknown}
 i - a potion of flight
 k - a potion of resistance {unknown}
 l - a potion of curing
 n - a potion of heal wounds {unknown}
Comestibles
 f - 12 rations


   Skills:
 - Level 3.2 Fighting
 * Level 5.8 Maces & Flails
 + Level 5.3 Armour
 + Level 5.3 Shields


You had 6 spell levels left.
You didn't know any spells.
Your spell library was empty.

Dungeon Overview and Level Annotations

Branches:
Dungeon (4/15)
 Temple: D:4-7

Altars:

Shops:
D:4 %

Annotations:
D:3 2 transporters, p0werm0de's ghost, amateur NaWn


Innate Abilities, Weirdness & Mutations

You are resistant to torment.
Your stone body is resilient. (AC +4)
You are immune to poison.
You resist negative energy. (rN+)
You are resistant to electric shocks. (rElec)
You can survive without breathing.
You are immune to petrification.
You are immune to rotting.


Message History

The ogre is heavily wounded.
The ogre hits you with a +0 giant club!
* * * LOW HITPOINT WARNING * * *
You aren't carrying any items that you can evoke.
Unknown command.
Unknown command.
You feel very mighty all of a sudden. The ogre hits you with a +0 giant club.
* * * LOW HITPOINT WARNING * * *
It was a potion of flight.
You feel very buoyant.
You fly up into the air.
You whack the ogre!
You kill the ogre!
You hit the ogre.
The ogre is moderately wounded.
You whack the ogre!
The ogre is heavily wounded.
The ogre hits you with a +0 giant club!
You die...

### #.. #.# ##### #.#
#...### #.# #.....### #.#
###.....########.##
####...@O)......########
##.#########........# #..>#
#.######..
###.#######.#####...
#.......>...##..##
#############......... #
#...# ######....#.# ..#.
##.#.# #......##.... ..#.
######..#.####...###.....###


You could see an ogre.

Vanquished Creatures
  Sigmund (D:3)
  An ogre (D:4)
  A bullfrog (D:4)
  A hound (D:4)
  An orc priest (D:3)
  2 orc wizards (D:4)
  An iguana (D:4)
  A worker ant (D:4)
  3 gnolls (D:2)
  4 adders
  An ooze (D:3)
  An adder skeleton (D:2)
  3 worms
  A dart slug (D:3)
  3 leopard geckos
  9 orcs
  3 ball pythons
  3 giant cockroaches
  6 goblins
  5 hobgoblins
  5 jackals
  10 kobolds
  7 bats
  2 frilled lizards (D:2)
  8 rats
83 creatures vanquished.

Vanquished Creatures (others)
  2 plants (D:3)
2 creatures vanquished.

Grand Total: 85 creatures vanquished

Notes
Turn   | Place    | Note
-------+----------+-------------------------------------------
     0 | D:1      | KristoblXynda the Gargoyle Fighter began the quest for the
                  | Orb.
     0 | D:1      | Reached XP level 1. HP: 14/14 MP: 1/1
   245 | D:1      | Reached XP level 2. HP: 16/19 MP: 2/2
   765 | D:2      | Reached XP level 3. HP: 21/23 MP: 3/3
  1457 | D:2      | Reached XP level 4. HP: 28/28 MP: 4/4
  2113 | D:3      | Found a transporter.
  2256 | D:3      | Reached XP level 5. HP: 32/32 MP: 5/5
  2301 | D:3      | Noticed Sigmund
  2314 | D:3      | Killed Sigmund
  2314 | D:3      | Reached XP level 6. HP: 26/37 MP: 6/6
  2701 | D:3      | Found a transporter.
  2734 | D:3      | Noticed p0werm0de's ghost (amateur NaWn)
  2994 | D:4      | Reached skill level 5 in Maces & Flails
  3203 | D:4      | Reached skill level 5 in Armour
  3203 | D:4      | Reached skill level 5 in Shields
  3404 | D:4      | Found Namusuk's Food Shop.
  3441 | D:4      | Reached XP level 7. HP: 13/41 MP: 7/7
  3758 | D:4      | Slain by an ogre

Levels and vault maps discovered:
D:1:      lightli_arrival_boilingwater, layout_rooms
D:2:      minmay_recursive_quarters, layout_basic
D:3:      layout_loops_ring, gammafunk_ghost_gnarly_gnolls, uniq_sigmund
D:4:      layout_rooms, serial_shops, shop_fountains, first_ration

Skill      XL: |  1  2  3  4  5  6 |
---------------+-------------------+-----
Maces & Flails | 3 4 5 |  5.8
Shields        | 4 5 |  5.3
Armour         | 4 5 |  5.3
Fighting       | |  3.2

Action                   |  1- 3 |  4- 6 |  7- 9 || total
-------------------------+-------+-------+-------++-------
Melee: Flail             |   255 |     8 |       ||   263
       Whip              |       |   187 |    22 ||   209
  Use: Scroll            |     3 |       |       ||     3
       Potion            |     1 |       |     2 ||     3
  Eat: Chunk             |     1 |     8 |     1 ||    10
Armor: Scale mail        |   210 |    67 |     7 ||   284
Dodge: Dodged            |   106 |    39 |     6 ||   151
Block: Shield            |   168 |    95 |     3 ||   266

Table legend:
 A = Non-vault XP
 B = Vault XP
 C = Vault XP percentage of total XP
 D = Non-vault monster count
 E = Vault monster count
 F = Vault count percentage of total count
                 A         B        C        D         E       F
            +---------+---------+-------+---------+---------+-------
      Total |     679 |     204 |  23.1 |      77 |       6 |   7.2
            +---------+---------+-------+---------+---------+-------
        D:1 |      23 |       0 |   0.0 |      15 |       0 |   0.0
        D:2 |     111 |       7 |   5.9 |      23 |       5 |  17.9
        D:3 |     122 |     197 |  61.8 |      26 |       1 |   3.7
        D:4 |     423 |       0 |   0.0 |      13 |       0 |   0.0
            +---------+---------+-------+---------+---------+-------
